 Dungeon Crawl Stone Soup version 0.27-a0-1557-g57f10a385c (console) character file.

Game seed: 7037136617171360676

439725 jejorda2 the Phalangite (level 24, -7/195 HPs)
             Began as a Merfolk Berserker on July 15, 2021.
             Was the Champion of Trog.
             Killed from afar by a tengu reaver (33 damage)
             ... with a bolt of lightning
             ... on level 5 of the Vaults.
             The game lasted 02:49:26 (49884 turns).

jejorda2 the Phalangite (Merfolk Berserker)        Turns: 49884, Time: 02:49:26

Health: -7/195     AC: 46    Str: 33    XL:     24   Next: 8%
Magic:  23/23      EV: 17    Int: 10    God:    Trog [******]
Gold:   1490       SH:  0    Dex: 20    Spells: 23/23 levels left

rFire    + + .     SeeInvis +   a - +8 bardiche {flame, rN+ Will++ Str+3 Dex+4}
rCold    + + .     Faith    .   (shield currently unavailable)
rNeg     + + +     Spirit   .   M - +9 scales of the Dragon King {rPois rF+ rC+ Will+}
rPois    +         Reflect  .   L - +2 helmet {Int+3}
rElec    .         Harm     .   l - +2 cloak {rCorr}
rCorr    +         Rampage  .   y - +2 pair of gloves {archery}
Will     +++++                  z - +2 pair of boots of Enuidweq {rN++ Str+5 Stlth+}
Stlth    ..........             E - amulet of regeneration
HPRegen  2.42/turn              s - ring of protection from cold
MPRegen  0.18/turn              N - ring "Tihen" {rPois rF+ SInv}

@: marked, strong-willed, regenerating, studying Short Blades
A: (nimble swimmer 2), mertail
}: 2/15 runes: serpentine, barnacled
a: Renounce Religion, Berserk, Trog's Hand, Brothers in Arms


You were on level 5 of the Vaults.
You worshipped Trog.
Trog was exalted by your worship.
You visited 7 branches of the dungeon, and saw 39 of its levels.
You also visited: Ossuary and Gauntlet.

You collected 5724 gold pieces.
You spent 4234 gold pieces at shops.

Inventory:

Hand Weapons
 a - the +8 bardiche of Pain and Death (weapon) {flame, rN+ Will++ Str+3 Dex+4}
   (Trog gifted it to you on level 10 of the Dungeon)

   It burns those it strikes, dealing additional fire damage.
   Big, fiery blades are also staple armaments of hydra-hunters.
   Str:       It affects your strength (+3).
   Dex:       It affects your dexterity (+4).
   rN:        It protects you from negative energy.
   Will:      It greatly increases your willpower.
 b - the +8 trident of the Octopus King {venom, rElec rPois Will+}
   (You found it on level 4 of the Shoals)

   It poisons the flesh of those it strikes.
   rElec:     It insulates you from electricity.
   rPois:     It protects you from poison.
   Will:      It increases your willpower.
 w - a +3 antimagic glaive
Missiles
 i - 14 datura-tipped darts
 j - 6 curare-tipped darts
 k - 7 throwing nets
 m - 139 boomerangs (quivered)
 O - 21 silver javelins
 Q - 2 boomerangs of dispersal
 R - 12 silver boomerangs
Armour
 l - a +2 cloak of preservation (worn)
 y - a +2 pair of gloves of archery (worn)
 z - the +2 pair of boots of Enuidweq (worn) {rN++ Str+5 Stlth+}
   (You bought it in a shop on level 4 of the Dungeon)

   Str:       It affects your strength (+5).
   rN:        It greatly protects you from negative energy.
   Stlth:     It makes you more stealthy.
 L - a +2 helmet of intelligence (worn)
 M - the +9 scales of the Dragon King (worn) {rPois rF+ rC+ Will+}
   (You found it in a Gauntlet)

   rF:        It protects you from fire.
   rC:        It protects you from cold.
   rPois:     It protects you from poison.
   Will:      It increases your willpower.
 P - a scarf of resistance
Jewellery
 s - a ring of protection from cold (left hand)
 E - an amulet of regeneration (around neck)
 N - the ring "Tihen" (right hand) {rPois rF+ SInv}
   (You found it in a Gauntlet)

   [ring of see invisible]

   rF:        It protects you from fire.
   rPois:     It protects you from poison.
   SInv:      It lets you see invisible.
Wands
 q - a wand of paralysis (32)
 r - a wand of flame (46)
 D - a wand of acid (27)
 I - a wand of digging (31)
 J - a wand of iceblast (27)
 U - a wand of polymorph (24)
Scrolls
 d - 3 scrolls of silence
 n - 3 scrolls of summoning
 o - a scroll of fear
 A - 4 scrolls of magic mapping
 B - a scroll of fog
 C - a scroll of identify
 V - 4 scrolls of teleportation
 X - 3 scrolls of blinking
Potions
 f - 8 potions of attraction
 g - 7 potions of flight
 h - 5 potions of haste
 p - 4 potions of cancellation
 t - 21 potions of curing
 u - 4 potions of heal wounds
 x - 3 potions of ambrosia
 F - a potion of resistance
 G - 5 potions of might
 K - a potion of invisibility
 T - 3 potions of mutation
 Y - 4 potions of berserk rage
Miscellaneous
 c - a condenser vane
 e - a phial of floods
 v - a tin of tremorstones (1/2)


   Skills:
 + Level 17.0 Fighting
 - Level 26.0 Polearms
 - Level 16.0 Throwing
 * Level 18.1 Armour
 + Level 17.6 Dodging
 - Level 4.0 Stealth
 + Level 11.1 Evocations


You had 23 spell levels left.
You didn't know any spells.
Your spell library was empty.

Dungeon Overview and Level Annotations

Branches:
Dungeon (15/15)            Temple (0/1) D:6            Lair (6/6) D:11
 Shoals (4/4) Lair:2        Snake (4/4) Lair:2        Slime (0/5) Lair:5
    Orc (2/2) D:11            Elf (3/3) Orc:2        Vaults (5/5) D:13
  Crypt (0/3) Vaults:3     Depths (0/5) D:15        Ossuary (visited)
Gauntlet (visited)

Altars:
Ashenzari
Cheibriados
Dithmenos
Gozag
Kikubaaqudgha
Okawaru
Zin
Beogh
Jiyva
Lugonu

Shops:
D:4 [   D:10 *   D:15 *?=[   Orc:1 [   Orc:2 ([:**   Elf:2 *   Elf:3 !
Snake:2 [*?((   Snake:3 [   Vaults:2 :

Portals:
Abyss: Lair:6

Annotations:
D:13 2 transporters, exclusion: oklob plant, Afosmoedd's ghost, journeyman DrCj
Elf:2 3 runed translucent doors


Innate Abilities, Weirdness & Mutations

((You are quick and stealthy near water. (Stealth+, EV+, Speed+++)))
Your lower body shifts to a powerful aquatic tail in water.


Message History

Unknown command.
Unknown command.
Unknown command.
Okay, then.
Unknown command.
Blink to where?
Press: ? - help, Dir - move target, p - fire giant
As you read the scroll of blinking, it crumbles to dust.
The war gargoyle is engulfed in freezing vapours.
The tengu reaver is engulfed in freezing vapours.
The tengu reaver points at you and mumbles some strange words.
The bolt of lightning misses you.
The vault guard is engulfed in freezing vapours.
You kill the vault guard!
Trog accepts your kill.
The ironbound preserver is engulfed in freezing vapours.
A tentacled monstrosity comes into view.
The fire giant is engulfed in freezing vapours.
The fire giant gestures at you while chanting.
You hear a sizzling sound!
The phantasmal warrior is engulfed in freezing vapours.
The stone giant is engulfed in freezing vapours.
The stone giant hits you.
* * * LOW HITPOINT WARNING * * *
Trog accepts your kill.
Trog appreciates your killing of a magic user.
You feel a bit more experienced.
The vault guard is engulfed in freezing vapours.
The deep elf high priest is engulfed in freezing vapours.
You kill the deep elf high priest!
Trog accepts your kill.
The frost giant is engulfed in freezing vapours.
The war gargoyle is engulfed in freezing vapours.
The faun is engulfed in freezing vapours.
Unknown command.
Your iron troll goes berserk!
The tengu reaver is engulfed in freezing vapours.
The tengu reaver points at you and mumbles some strange words.
The bolt of lightning hits you!!
You die...

#....#.
....#....#....
....#....#...
...........
###.§.§§§§X########
....§°§C§§Wp.......
....§§<§§§C☼.T.....
....§§C§§§Q@.......
....§§☼§§9○§.......
###.C§§§§cp########
#....§u☼§§C)##
#...#.Hpp#§).# #C#
#...p##)).# #
#....# ))..# #....#
..S3.e. #....#
.##..:#


You could see a tentacled monstrosity, an ironbound preserver (empowered, ally
target), 2 frost giants, a brown very ugly thing, a fire giant (empowered), a
sphinx (empowered), 2 stone giants, a tengu reaver (empowered), 4 vault guards,
a war gargoyle, a faun shaped shifter (empowered), a phantasmal warrior and a
friendly iron troll (summoned, berserk).

Vanquished Creatures
  Sojobo (Vaults:2)
  Saint Roka (Elf:2)
  Rupert (Snake:1)
  A lich (Vaults:4)
  The ghost of karkarkar the Severer, an adept MiBe of Trog (Elf:2)
  4 deep elf blademasters
  2 titans (Vaults:5)
  A quicksilver dragon (Vaults:5)
  3 krakens
  4 deep elf master archers
  Polyphemus (Shoals:4)
  Kirke (D:15)
  The ghost of Lucahism the Unseen, an adept DsDe of Gozag (Elf:3)
  The ghost of freelancePsychic the Eclecticist, an adept DjWr of Ru (Elf:3)
  4 tengu reavers (Vaults:2)
  2 sphinxes (Vaults:3)
  The ghost of Wano the Alchemist, an adept DrTm of Wu Jian (Shoals:1)
  Ilsuiw (Shoals:2)
  A fire giant (Vaults:2)
  5 nagarajas
  4 deep elf sorcerers
  An iron dragon (Elf:1)
  A frost giant (Vaults:3)
  4 deep elf elementalists (Elf:3)
  11 vault wardens
  Aizul (Vaults:3)
  6 orc warlords
  15 ironbound preservers
  7 very ugly things (Vaults:4)
  Louise (Shoals:1)
  4 war gargoyles
  4 deep elf annihilators
  A stone giant (Vaults:5)
  10 deep elf demonologists
  A dire elephant (Vaults:1)
  2 entropy weavers
  8 deep elf death magi (Elf:3)
  3 merfolk javelineers
  Snorg (Orc:1)
  4 crystal guardians
  A minotaur (Gauntlet)
  An ettin (Vaults:2)
  4 great orbs of eyes
  11 merfolk impalers
  24 slime creatures
  3 fire dragons
  14 yaktaur captains
  11 deep elf high priests
  A hydra (shapeshifter) (Vaults:5)
  4 boulder beetles
  31 vault guards
  5 peacekeepers
  8 naga warriors
  6 salamander tyrants
  6 ironbound thunderhulks
  7 two-headed ogres
  5 merfolk avatars
  13 centaur warriors
  2 ogre magi
  12 ironbound frosthearts
  An ice dragon (D:15)
  4 alligator snapping turtles
  5 merfolk aquamancers
  6 hydras
  4 catoblepae
  28 dancing weapons
  9 anacondas
  The ghost of freelancePsychic the Martial Artist, a novice DsAr of Nemelex Xobeh (D:9)
  2 death knights
  4 satyrs
  2 death yaks (Shoals:4)
  4 thrashing horrors (Lair:6)
  2 ironbound beastmasters
  5 shock serpents
  13 naga sharpshooters
  4 orc high priests (Orc:2)
  23 deep elf knights
  A sixfirhy (Gauntlet)
  A skeletal warrior (Vaults:3)
  19 sea snakes
  42 deep trolls
  5 salamander mystics
  3 naga ritualists
  14 wizards
  14 deep elf archers
  An obsidian statue (Shoals:2)
  16 ironbound convokers
  37 deep elf pyromancers
  17 orc knights
  4 mana vipers
  25 harpies
  A lindwurm (Vaults:2)
  A necromancer (Vaults:1)
  11 orc sorcerers
  An orb spider (shapeshifter) (Lair:6)
  30 deep elf zephyrmancers
  19 salamanders
  9 cyclopes
  A salamander (shapeshifter) (Elf:2)
  A wolf spider (Gauntlet)
  A moth of wrath (Gauntlet)
  13 elephants (Lair:4)
  13 manticores
  26 ugly things
  10 fauns
  20 black mambas
  15 merfolk sirens
  An elf zombie (Vaults:1)
  13 vault sentinels
  18 cane toads
  7 water nymphs
  Maggie (D:10)
  A human skeleton (Vaults:1)
  A water nymph (shapeshifter) (D:13)
  The ghost of AlmostDecent the Shield-Bearer, a novice GnFi of Okawaru (D:4)
  A smoke demon (Lair:6)
  A torpor snail (Lair:3)
  18 naga magi
  6 guardian serpents (Snake:4)
  A gargoyle (D:13)
  8 komodo dragons
  4 rime drakes
  34 yaktaurs
  2 ancient zymes (Lair:6)
  2 jumping spiders (Vaults:3)
  8 trolls
  8 wind drakes
  39 merfolk
  A polar bear (Lair:6)
  14 dream sheep
  A meliai zombie (D:11)
  A deep troll zombie (Vaults:1)
  8 snapping turtles
  31 blink frogs
  A redback (shapeshifter) (Vaults:3)
  2 vampires (D:13)
  A flying skull (Vaults:3)
  A tarantella (Vaults:3)
  3 redbacks
  6 shadows
  2 ynoxinuls (Lair:6)
  2 spriggans (Lair:6)
  10 water elementals
  2 centaur simulacra
  2 air elementals
  11 wyverns
  A large abomination (Lair:6)
  5 wraiths
  3 hogs (D:15)
  70 yaks
  12 basilisks
  3 chaos spawn (Lair:6)
  4 fire elementals
  A steam dragon (D:8)
  A human (D:13)
  6 vampire mosquitoes
  Menkaure (D:4)
  40 nagas
  12 wargs
  20 water moccasins
  Duvessa (D:5)
  A meliai simulacrum (D:14)
  32 orc warriors
  5 black bears
  An ice beast (D:8)
  2 sky beasts
  A necrophage (D:7)
  6 ogres
  15 wolves
  9 centaurs
  12 boggarts
  A kobold brigand (D:9)
  12 bullfrogs
  2 gnoll sergeants
  2 earth elementals
  A wyvern zombie (D:7)
  A scorpion (D:4)
  Dowan (D:5)
  11 small abominations (Lair:6)
  2 water moccasin skeletons (D:5)
  13 killer bees
  3 wights (D:9)
  7 howler monkeys
  4 centaur zombies
  2 human simulacra (Vaults:1)
  18 orc priests
  A human zombie (Ossuary)
  A jelly (D:5)
  An iron imp (D:10)
  3 iguanas
  18 orc wizards
  A killer bee zombie (D:7)
  2 mummies (Ossuary)
  A howler monkey zombie (D:9)
  7 gnolls
  8 adders
  A shadow imp (D:6)
  2 white imps (D:7)
  4 ufetubi
  An adder zombie (D:5)
  A worm (D:2)
  4 dart slugs
  66 orcs
  6 bats
  3 endoplasms
  3 giant cockroaches
  4 hobgoblins
  11 jackals
  13 kobolds
  5 quokkas
  5 ball pythons
  2 frilled lizards
  5 goblins
  3 goblin zombies (Ossuary)
  11 hobgoblin zombies (Ossuary)
  A jackal zombie (Ossuary)
  12 kobold zombies (Ossuary)
  6 orc zombies (Ossuary)
  7 rats
  2 rat zombies (Ossuary)
  2 butterflies (D:6)
  6 tentacles
1630 creatures vanquished.

Vanquished Creatures (collateral kills)
  A shadow dragon (Elf:1)
  A tengu reaver (Vaults:3)
  A deep elf high priest (Elf:1)
  A centaur warrior (Vaults:3)
  A merfolk aquamancer (Shoals:4)
  An anaconda (Snake:4)
  An ironbound beastmaster (Vaults:2)
  3 deep elf knights (Elf:1)
  2 naga sharpshooters (Snake:2)
  2 deep trolls (Vaults:3)
  3 deep elf archers (Elf:2)
  A phantasmal warrior (Vaults:3)
  A lindwurm (Vaults:2)
  2 deep elf zephyrmancers (Elf:1)
  A deep elf pyromancer (Elf:2)
  2 ugly things (Vaults:2)
  4 salamanders (Snake:2)
  An elephant (Lair:4)
  A naga mage (Snake:2)
  3 dream sheep (Lair:2)
  4 yaks
  A basilisk (Lair:4)
  A naga (Snake:2)
  4 orcs (D:4)
43 creatures vanquished.

Vanquished Creatures (others)
  A tengu reaver (Vaults:2)
  2 deep elf knights
  A human (D:15)
  4 orcs
  38 fungi
  42 plants
  8 tentacles
  28 withered plants
124 creatures vanquished.

Grand Total: 1797 creatures vanquished

Notes
Turn   | Place    | Note
-------+----------+-------------------------------------------
     0 | D:1      | jejorda2 the Merfolk Berserker began the quest for the Orb.
     0 | D:1      | Reached XP level 1. HP: 18/18 MP: 1/1
   367 | D:1      | Reached XP level 2. HP: 7/24 MP: 2/2
   745 | D:1      | Reached skill level 5 in Polearms
  1116 | D:1      | Reached XP level 3. HP: 25/29 MP: 3/3
  1520 | D:1      | Reached ** piety under Trog
  2756 | D:3      | Reached XP level 4. HP: 37/37 MP: 4/4
  2910 | D:3      | Reached skill level 6 in Polearms
  3219 | D:3      | Found a faded altar of an unknown god.
  3711 | D:4      | Reached XP level 5. HP: 38/42 MP: 5/5
  3868 | D:4      | Noticed Menkaure
  3885 | D:4      | Killed Menkaure
  3886 | D:4      | Reached skill level 7 in Polearms
  3886 | D:4      | Reached XP level 6. HP: 49/49 MP: 6/6
  3936 | D:4      | Found Yrewk's Antique Armour Shop.
  3949 | D:4      | Reached *** piety under Trog
  4242 | D:4      | Reached skill level 8 in Polearms
  4821 | D:4      | Found a runed translucent gate.
  4821 | D:4      | Noticed AlmostDecent's ghost (novice GnFi)
  4822 | D:4      | Found a runed translucent gate.
  4823 | D:4      | Found a runed translucent gate.
  4823 | D:4      | Identified the +2 leather armour "Etuusch" {Drain Str+3
                  | Dex+5}
  5065 | D:4      | Bought a pair of embroidered gloves for 157 gold pieces
  5079 | D:5      | Entered Level 5 of the Dungeon
  5093 | D:5      | Reached XP level 7. HP: 51/55 MP: 4/7
  5175 | D:5      | Noticed Duvessa
  5177 | D:5      | Noticed Dowan
  5183 | D:5      | Killed Duvessa
  5184 | D:5      | Reached skill level 5 in Fighting
  5186 | D:5      | Killed Dowan
  5187 | D:5      | Reached skill level 9 in Polearms
  5741 | D:5      | Reached XP level 8. HP: 64/64 MP: 8/8
  5775 | D:5      | Reached skill level 10 in Polearms
  6402 | D:6      | Reached skill level 11 in Polearms
  6719 | D:6      | Found a staircase to the Ecumenical Temple.
  6777 | D:6      | Reached skill level 1 in Throwing
  6883 | D:6      | Reached skill level 12 in Polearms
  6883 | D:6      | Reached XP level 9. HP: 69/69 MP: 4/9
  7165 | D:7      | Reached **** piety under Trog
  7434 | D:7      | Found a broken altar of Ashenzari.
  7434 | D:7      | Found a shadowy altar of Dithmenos.
  7503 | D:7      | Reached skill level 13 in Polearms
  7665 | D:7      | Reached skill level 5 in Armour
  8515 | D:4      | Found Yrewk's Antique Armour Shop.
  8582 | D:4      | Killed AlmostDecent's ghost
  8714 | D:8      | Found a sand-covered staircase.
  8725 | Ossuary  | Entered an ossuary
  8938 | Ossuary  | Reached skill level 14 in Polearms
  8941 | Ossuary  | Reached ***** piety under Trog
  9026 | D:8      | Reached XP level 10. HP: 76/76 MP: 8/10
  9299 | D:8      | Noticed a centaur warrior
  9310 | D:8      | Killed a centaur warrior
  9311 | D:8      | Reached skill level 5 in Throwing
  9578 | D:8      | Reached skill level 15 in Polearms
 10992 | D:9      | Noticed a two-headed ogre
 11003 | D:9      | Killed a two-headed ogre
 11004 | D:9      | Reached skill level 16 in Polearms
 11004 | D:9      | Reached skill level 5 in Dodging
 11004 | D:9      | Reached XP level 11. HP: 47/81 MP: 4/11
 11239 | D:9      | Noticed a two-headed ogre
 11250 | D:9      | Killed a two-headed ogre
 11312 | D:9      | Identified the +5 ring mail of Archusae {rElec rF+ Int+2}
 11636 | D:9      | Noticed a five-headed hydra
 11636 | D:9      | Noticed freelancePsychic's ghost (novice DsAr)
 11641 | D:9      | Found a runed translucent gate.
 11641 | D:9      | Found a runed translucent gate.
 11641 | D:9      | Found a runed translucent gate.
 11755 | D:9      | Reached skill level 17 in Polearms
 12016 | D:4      | Bought a pair of warped boots for 199 gold pieces
 12016 | D:4      | Identified the +2 pair of boots of Enuidweq {rN++ Str+5
                  | Stlth+} (You bought it in a shop on level 4 of the Dungeon)
 12151 | D:10     | Entered Level 10 of the Dungeon
 12256 | D:10     | Reached skill level 1 in Evocations
 12382 | D:10     | You fall into a shaft and drop 1 floor!
 12512 | D:11     | Noticed a two-headed ogre
 12522 | D:11     | Killed a two-headed ogre
 12746 | D:11     | Reached skill level 18 in Polearms
 12748 | D:11     | Found a staircase to the Lair.
 12947 | D:10     | Found a snail-covered altar of Cheibriados.
 13097 | D:10     | Found Zin's Purification Station.
 13192 | D:10     | Found a glowing silver altar of Zin.
 13232 | D:10     | Noticed Maggie
 13235 | D:10     | Noticed a two-headed ogre
 13251 | D:10     | Killed Maggie
 13253 | D:10     | Killed a two-headed ogre
 13254 | D:10     | Reached XP level 12. HP: 83/91 MP: 10/12
 13398 | D:10     | Identified the +8 bardiche of Pain and Death {flame, rN+
                  | Will++ Str+3 Dex+4} (Trog gifted it to you on level 10 of
                  | the Dungeon)
 13398 | D:10     | Received a gift from Trog
 14331 | D:11     | Found a staircase to the Orcish Mines.
 14472 | D:9      | Killed a three-headed hydra
 14476 | D:9      | Killed freelancePsychic's ghost
 14477 | D:9      | Reached skill level 19 in Polearms
 14603 | D:4      | Bought an embroidered hat for 147 gold pieces
 14727 | Lair:1   | Entered Level 1 of the Lair of Beasts
 14862 | Lair:1   | Reached skill level 5 in Evocations
 15962 | Lair:2   | Found a staircase to the Shoals.
 15994 | Lair:2   | Found a staircase to the Snake Pit.
 16308 | Lair:2   | Reached skill level 20 in Polearms
 16986 | Lair:3   | Reached XP level 13. HP: 101/101 MP: 13/13
 17152 | Lair:3   | Reached skill level 21 in Polearms
 18206 | Lair:4   | Received a gift from Trog
 18359 | Lair:4   | Reached skill level 22 in Polearms
 18927 | Lair:5   | Reached XP level 14. HP: 63/108 MP: 14/14
 19098 | Lair:5   | Reached skill level 23 in Polearms
 19252 | Lair:5   | Found a staircase to the Slime Pits.
 19252 | Lair:5   | Found a viscous altar of Jiyva.
 19661 | Lair:6   | Entered Level 6 of the Lair of Beasts
 20186 | Lair:6   | Identified the +4 falchion of Afyb {elec, Will- rCorr
                  | Str+4}
 20680 | Lair:6   | Received a gift from Trog
 20711 | Lair:6   | Reached skill level 24 in Polearms
 21042 | Lair:6   | Found a corrupted altar of Lugonu.
 21042 | Lair:6   | Found a one-way gate to the infinite horrors of the Abyss.
 21332 | Orc:1    | Entered Level 1 of the Orcish Mines
 21346 | Orc:1    | Noticed an orc warlord
 21373 | D:11     | Killed an orc warlord
 21541 | D:4      | Bought a glimmering plate armour for 588 gold pieces
 21541 | D:4      | Identified the +6 plate armour of Duck's Teeth {rCorr
                  | Str+2} (You bought it in a shop on level 4 of the Dungeon)
 21732 | Orc:1    | Reached skill level 25 in Polearms
 21835 | Orc:1    | Found Seqolin's Antique Armour Shoppe.
 21842 | Orc:1    | Reached XP level 15. HP: 113/113 MP: 15/15
 22031 | Orc:2    | Entered Level 2 of the Orcish Mines
 22031 | Orc:2    | Found a staircase to the Elven Halls.
 22063 | Orc:2    | Received a gift from Trog
 22168 | Orc:2    | Noticed an orc warlord
 22181 | Orc:2    | Killed an orc warlord
 22192 | Orc:2    | Noticed Snorg
 22227 | Orc:1    | Killed Snorg
 22577 | Orc:2    | Found Muxkuger's Book Shoppe.
 22852 | Orc:2    | Reached ****** piety under Trog
 22887 | Orc:2    | Reached skill level 26 in Polearms
 22904 | Orc:2    | Found Uheryl's Antique Armour Boutique.
 23086 | Orc:2    | Found Qucwij's General Store.
 23108 | Orc:2    | Found Giexai's Assorted Antiques.
 23151 | Orc:2    | Found Moimmid's Antique Weapon Shop.
 23256 | Orc:2    | Bought a notched bone ring for 205 gold pieces
 23294 | Orc:2    | Bought a heavily runed chain mail for 228 gold pieces
 23294 | Orc:2    | Identified the +2 chain mail of the Lion {Int+5} (You
                  | bought it in a shop on level 2 of the Orcish Mines)
 23315 | Orc:2    | Bought a glowing bardiche for 348 gold pieces
 23634 | D:12     | Received a gift from Trog
 23669 | D:12     | Found a gate leading to a gauntlet.
 23678 | Gauntlet | Entered a Gauntlet
 23678 | Gauntlet | Found a transporter.
 23678 | Gauntlet | Found a transporter.
 23682 | Gauntlet | Found a transporter.
 23682 | Gauntlet | Found a transporter.
 23684 | Gauntlet | Found a large runed translucent door.
 23685 | Gauntlet | Found a large runed translucent door.
 23686 | Gauntlet | Found a large runed translucent door.
 23686 | Gauntlet | Found a large runed translucent door.
 23686 | Gauntlet | Found a runed translucent door.
 23686 | Gauntlet | Found a runed translucent door.
 23687 | Gauntlet | Found a large runed translucent door.
 23687 | Gauntlet | Found a large runed translucent door.
 23687 | Gauntlet | Found a large runed translucent door.
 23687 | Gauntlet | Found a large runed translucent door.
 23688 | Gauntlet | Found a large runed translucent door.
 23688 | Gauntlet | Found a large runed translucent door.
 23689 | Gauntlet | Found a large runed translucent door.
 23689 | Gauntlet | Found a large runed translucent door.
 23690 | Gauntlet | Found a large runed translucent door.
 23691 | Gauntlet | Found a large runed translucent door.
 23701 | Gauntlet | Found a large runed translucent door.
 23701 | Gauntlet | Found a large runed translucent door.
 23704 | Gauntlet | Found a runed translucent gate.
 23704 | Gauntlet | Found a runed translucent gate.
 23704 | Gauntlet | Found a runed translucent gate.
 23706 | Gauntlet | Found a transporter.
 23716 | Gauntlet | Found the +9 scales of the Dragon King {rPois rF+ rC+
                  | Will+}
 23716 | Gauntlet | Found a transporter.
 23716 | Gauntlet | Found a transporter.
 23721 | Gauntlet | Found a transporter.
 23742 | Gauntlet | Found a transporter.
 23749 | Gauntlet | Found a transporter.
 23767 | Gauntlet | Found a transporter.
 23805 | Gauntlet | Found a transporter.
 23827 | Gauntlet | Found a transporter.
 23906 | Gauntlet | Found a transporter.
 23921 | Gauntlet | Found a transporter.
 23935 | Gauntlet | Found a transporter.
 24186 | Gauntlet | Reached skill level 10 in Fighting
 24233 | Gauntlet | Identified the ring "Tihen" {rPois rF+ SInv}
 24283 | Gauntlet | Identified the +1 leather armour of Zude {rF+ rN+}
 25124 | D:13     | Found a transporter.
 25127 | D:13     | Found a transporter.
 25129 | D:13     | Noticed a sphinx
 25156 | D:13     | Noticed Afosmoedd's ghost (journeyman DrCj)
 25525 | D:13     | Found a gate to the Vaults.
 25817 | D:13     | Identified the +4 long sword of Gaywik {elec, rF++ Int+3
                  | Dex-2}
 25990 | D:14     | Received a gift from Trog
 25997 | D:14     | Reached XP level 16. HP: 126/127 MP: 16/16
 26579 | D:15     | Entered Level 15 of the Dungeon
 26579 | D:15     | Found Xecriesepn's Armour Shoppe.
 26650 | D:15     | Found Zeotroca's Jewellery Shoppe.
 26660 | D:15     | Noticed Kirke
 26671 | D:15     | Killed Kirke
 26862 | D:15     | Found an ancient bone altar of Kikubaaqudgha.
 26926 | D:15     | Found Soofaut's Magic Scroll Boutique.
 26935 | D:15     | Bought a scroll of blinking for 97 gold pieces
 27133 | D:15     | Found Yhugaf's Assorted Antiques.
 27141 | D:15     | Bought a scroll of enchant armour for 180 gold pieces
 27232 | D:15     | Found a staircase to the Depths.
 27456 | Snake:1  | Entered Level 1 of the Snake Pit
 27472 | Snake:1  | Found an iron altar of Okawaru.
 27563 | Snake:1  | Noticed Rupert
 27580 | Snake:1  | Killed Rupert
 27753 | Snake:1  | Received a gift from Trog
 27758 | Snake:1  | Reached skill level 10 in Throwing
 27781 | Snake:1  | You fall into a shaft and drop 1 floor!
 28209 | Snake:2  | HP: 6/132 [salamander (1)]
 28218 | Snake:1  | HP: 3/132 [black mamba (7)]
 28383 | Snake:2  | Found Qoh Rong's Assorted Antiques.
 28388 | Snake:2  | Found Xemamifi's Armour Emporium.
 28392 | Snake:2  | Bought a wooden ring for 220 gold pieces
 28462 | Snake:2  | Found Taiqaf Ciur's Weapon Boutique.
 28470 | Snake:2  | Bought 2 boomerangs of dispersal for 45 gold pieces
 28577 | Snake:2  | Noticed a nagaraja
 28594 | Snake:2  | Killed a nagaraja
 28960 | Snake:2  | Found Luotza's Weapon Shop.
 28974 | Snake:2  | Found Fechybon's Magic Scroll Emporium.
 29217 | Snake:3  | Found Mugramecu's Antique Armour Shop.
 29299 | Snake:3  | Reached XP level 17. HP: 128/139 MP: 17/17
 29457 | Snake:3  | Received a gift from Trog
 30134 | Snake:4  | Entered Level 4 of the Snake Pit
 30921 | Snake:4  | Reached skill level 10 in Armour
 30929 | Snake:4  | Received a gift from Trog
 31726 | Snake:4  | Got a serpentine rune of Zot
 32179 | Shoals:1 | Entered Level 1 of the Shoals
 32199 | Shoals:1 | Noticed Louise
 32209 | Shoals:1 | Killed Louise
 32241 | Shoals:1 | Reached XP level 18. HP: 146/146 MP: 18/18
 32330 | Shoals:1 | Received a gift from Trog
 32335 | Shoals:1 | Reached skill level 10 in Dodging
 33106 | Shoals:2 | Noticed Wano's ghost (adept DrTm)
 33106 | Shoals:2 | Found a runed translucent gate.
 33106 | Shoals:2 | Found a runed translucent gate.
 33106 | Shoals:2 | Found a runed translucent gate.
 33106 | Shoals:2 | Found an opulent altar of Gozag.
 33192 | Shoals:2 | Noticed Ilsuiw
 33202 | Shoals:2 | Killed Ilsuiw
 34095 | Shoals:1 | Killed Wano's ghost
 34584 | Shoals:2 | Received a gift from Trog
 35706 | Shoals:4 | Entered Level 4 of the Shoals
 35735 | Shoals:4 | Reached XP level 19. HP: 118/152 MP: 19/19
 35925 | Shoals:4 | Found the +8 trident of the Octopus King {venom, rElec
                  | rPois Will+}
 36255 | Shoals:4 | Identified the +9 hand axe of the Middle {vorpal, Dex+4}
 36267 | Shoals:4 | Noticed Polyphemus
 36279 | Shoals:4 | Killed Polyphemus
 36359 | Shoals:4 | Received a gift from Trog
 36450 | Shoals:4 | Got a barnacled rune of Zot
 37107 | Shoals:4 | Identified the +3 halberd "Xovoru" {flame, rC+ rN++ Dex+2}
                  | (Trog gifted it to you on level 4 of the Shoals)
 37107 | Shoals:4 | Received a gift from Trog
 37632 | D:15     | Bought a tin of tremorstones (2/2) for 960 gold pieces
 37697 | Vaults:1 | Entered Level 1 of the Vaults
 37817 | Vaults:1 | Identified the +8 chain mail "Tabill" {Dex+7}
 38365 | Vaults:1 | Identified the +4 spear "Hidor" {pain, rC++ SInv}
 39022 | Vaults:2 | Received a gift from Trog
 39033 | Vaults:2 | Reached XP level 20. HP: 159/159 MP: 20/20
 39302 | Vaults:2 | Noticed Sojobo
 39324 | Vaults:2 | Paralysed by an air elemental for 1 turns
 39328 | Vaults:2 | Killed Sojobo
 39517 | Vaults:2 | Reached skill level 15 in Throwing
 39731 | Vaults:2 | Found Atunaemm's Book Boutique.
 39755 | Vaults:2 | Received a gift from Trog
 39817 | Vaults:2 | Identified the +12 falchion "Giar" {elec, *Rage rPois
                  | Will+++}
 40552 | Vaults:3 | Received a gift from Trog
 40653 | Vaults:3 | Noticed Aizul
 40677 | Vaults:3 | Killed Aizul
 40731 | Vaults:3 | Reached skill level 15 in Armour
 40834 | Vaults:3 | Reached XP level 21. HP: 113/165 MP: 21/21
 41225 | Vaults:3 | Received a gift from Trog
 41776 | Vaults:3 | You fall into a shaft and drop 1 floor!
 42089 | Vaults:3 | Found a staircase to the Crypt.
 42200 | Vaults:3 | Received a gift from Trog
 42975 | Vaults:4 | Reached skill level 15 in Fighting
 43109 | Vaults:4 | Reached XP level 22. HP: 175/175 MP: 22/22
 43443 | Vaults:4 | Reached skill level 15 in Dodging
 43462 | Vaults:4 | Received a gift from Trog
 44231 | Elf:1    | Entered Level 1 of the Elven Halls
 44380 | Elf:1    | Paralysed by an air elemental for 1 turns
 44388 | Elf:1    | Paralysed by an air elemental for 1 turns
 44426 | Elf:1    | HP: 3/176 [deep elf zephyrmancer/bolt of lightning (38)]
 44526 | Elf:1    | Found a runed translucent gate.
 44526 | Elf:1    | Found a runed translucent gate.
 44526 | Elf:1    | Found a runed translucent gate.
 44526 | Elf:1    | Found a runed translucent gate.
 44526 | Elf:1    | Found a runed translucent gate.
 44529 | Elf:1    | Found a runed translucent gate.
 44950 | Elf:1    | Received a gift from Trog
 45911 | Elf:2    | Found Kotoc's General Store.
 45954 | Elf:2    | Noticed Saint Roka
 45962 | Elf:2    | Received a gift from Trog
 45963 | Elf:2    | Killed Saint Roka
 45973 | Elf:2    | Found a runed translucent gate.
 45979 | Elf:2    | Found a runed translucent gate.
 46017 | Elf:2    | Found a runed translucent gate.
 46018 | Elf:2    | Noticed karkarkar's ghost (adept MiBe)
 46116 | Elf:2    | Found a huge runed gate.
 46116 | Elf:2    | Found a huge runed gate.
 46170 | Elf:2    | Found a huge runed gate.
 46172 | Elf:2    | Found a huge runed gate.
 46173 | Elf:2    | Found a huge runed gate.
 46174 | Elf:2    | Found a huge runed gate.
 46174 | Elf:2    | Found a huge runed gate.
 46175 | Elf:2    | Found a huge runed gate.
 46175 | Elf:2    | Found a huge runed gate.
 46175 | Elf:2    | Found a huge runed gate.
 46175 | Elf:2    | Found a huge runed gate.
 46175 | Elf:2    | Found a huge runed gate.
 46176 | Elf:2    | Found a huge runed gate.
 46178 | Elf:2    | Found a huge runed gate.
 46179 | Elf:2    | Found a huge runed gate.
 46180 | Elf:2    | Found a huge runed gate.
 46188 | Elf:2    | Found a huge runed gate.
 46188 | Elf:2    | Found a huge runed gate.
 46423 | Elf:2    | Found a huge runed translucent gate.
 46425 | Elf:2    | Found a huge runed translucent gate.
 46425 | Elf:2    | Found a huge runed translucent gate.
 46428 | Elf:2    | Found a huge runed translucent gate.
 46428 | Elf:2    | Found a huge runed translucent gate.
 46519 | Elf:2    | Found a huge runed gate.
 46520 | Elf:2    | Found a huge runed gate.
 46521 | Elf:2    | Found a huge runed gate.
 46540 | Elf:2    | Found a huge runed gate.
 46540 | Elf:2    | Found a huge runed gate.
 46540 | Elf:2    | Found a huge runed gate.
 46540 | Elf:2    | Found a huge runed gate.
 46570 | Elf:2    | Found a huge runed gate.
 46571 | Elf:2    | Found a huge runed gate.
 46722 | Elf:2    | Reached XP level 23. HP: 184/184 MP: 23/23
 46735 | Elf:2    | Killed karkarkar's ghost
 46756 | Elf:2    | Identified the +0 helmet of Impressiveness {*Slow Str+10
                  | Slay-2 SInv}
 46873 | Elf:2    | Received a gift from Trog
 47133 | Elf:2    | Reached skill level 10 in Evocations
 47311 | Elf:3    | Entered Level 3 of the Elven Halls
 47481 | Elf:3    | Paralysed by an air elemental for 1 turns
 47491 | Elf:3    | Found the ring of the Octopus King
 47497 | Elf:3    | Identified a ring of the Octopus King {Wiz AC+1 EV+1 Str+1
                  | Int+1 Dex+1}
 47591 | Elf:3    | Found a runed translucent gate.
 47591 | Elf:3    | Found a runed translucent gate.
 47591 | Elf:3    | Found a runed translucent gate.
 47592 | Elf:3    | Noticed freelancePsychic's ghost (adept DjWr)
 47593 | Elf:3    | Noticed Lucahism's ghost (adept DsDe)
 47626 | Elf:3    | Found Garphamue's Distillery.
 48069 | Elf:2    | Bought a phial of floods for 680 gold pieces
 48336 | Elf:3    | Identified the ring of Xatorur {Str+5 Int+6}
 48337 | Elf:3    | Identified the +1 robe "Zuuske" {rN++ Dex-2}
 48536 | Elf:3    | Identified the +10 glaive of Biovupp {vorpal, *Corrode rF+
                  | Str+3 Dex+3} (Trog gifted it to you on level 3 of the Elven
                  | Halls)
 48536 | Elf:3    | Received a gift from Trog
 48610 | Elf:3    | Identified the +7 battleaxe "Ythuhyt" {drain, rPois rC+
                  | Str+2 Int-4}
 48691 | Elf:3    | Identified the +2 whip "Kesaatepp" {freeze, *Noise rC++}
 49153 | Elf:3    | Killed freelancePsychic's ghost
 49158 | Elf:3    | Killed Lucahism's ghost
 49263 | Elf:3    | Identified the +0 hunting sling of Bekhag {flame, rElec rC-
                  | Will+ SInv}
 49265 | Elf:3    | Identified the +6 dagger of the Destroying Queen {elec,
                  | rPois rCorr Str-3 Int+8}
 49651 | D:15     | Bought a scroll of enchant armour for 180 gold pieces
 49858 | Vaults:5 | Entered Level 5 of the Vaults
 49862 | Vaults:5 | Reached skill level 1 in Stealth
 49876 | Vaults:5 | Reached XP level 24. HP: 127/193 MP: 23/23
 49878 | Vaults:5 | Received a gift from Trog
 49884 | Vaults:5 | Killed from afar by a tengu reaver

Illustrated notes

Levels and vault maps discovered:
D:1:      lordsloth_arrival_two_stooges, layout_basic
D:2:      layout_loops_ring
D:3:      layout_basic, shapermc_ecumenical_altar_mp_ritualfount,
          kennysheep_pointless_box, nrook_mini_backslash
D:4:      layout_cave_pools, serial_shops,
          nicolae_shop_temple_entry_statues_fountains,
          biasface_ghost_orc_armoury, minivault_5, uniq_menkaure
D:5:      layout_basic, uniq_duvessa
D:6:      layout_rooms, minmay_temple_entry_butterflies
D:7:      layout_basic, gammafunk_temple_overflow_wave, serial_bayou_pond_a
D:8:      layout_loops_cross, nicolae_ossuary_entry_monument,
          minmay_misc_feat_more_columns, minmay_bent
D:9:      layout_roguey, gammafunk_ghost_split
D:10:     layout_basic, slow_altar_2, zin_purify, uniq_maggie
D:11:     layout_long_grid, erik_lair_orcish_takeover, orc_0_dummy
D:12:     layout_loops_ring, gauntlet_entry_generic
D:13:     layout_cave_pods, grunt_vaults_entry_fortified, nzn_ghost_randoct
D:14:     layout_cave_pools, chequers_arboretum, columned_hall_lemuel
D:15:     grunt_enter_depths_hoard, layout_long_grid, serial_shops,
          nicolae_shop_temple_entry_statues_fountains,
          nicolae_shop_temple_entry_statues_fountains, shop, shop,
          nicolae_kikubaaqudgha_miasma_corner, uniq_kirke
Lair:1:   layout_concentric_octagons, infiniplex_staircase_pool_2,
          grunt_megastairs_3
Lair:2:   layout_cave_shapes, minmay_shoals_entry_lonely_mermaid,
          guppyfry_snake_entry_garden
Lair:3:   nzn_winding_woodlands_medium [nzn_winding_woodlands_5x5_cross,
          nzn_winding_woodlands_5x15_concentric,
          nzn_winding_woodlands_5x5_open_star, nzn_winding_woodlands_hourglass,
          nzn_winding_woodlands_center_garden,
          nzn_winding_woodlands_5x5_checkerboard,
          nzn_winding_woodlands_5x5_perimeter,
          nzn_winding_woodlands_5x15_zeroes, nzn_winding_woodlands_5x5_default],
          layout_cave_pods, grunt_megastairs_2
Lair:4:   layout_misc_corridors, minivault_19, grunt_megastairs_4,
          lemuel_fruit_fields, lemuel_fruit_tree
Lair:5:   layout_misc_corridors, slime_altar_1
Lair:6:   hellmonk_lair_end_abyssal_woods, layout_cave_pods
Shoals:1: cheibrodos_shoals_roost, layout_shoals, uniq_louise
Shoals:2: layout_shoals, ebering_ghost_gozag, uniq_ilsuiw
Shoals:3: nzn_motion_control, layout_shoals
Shoals:4: shoals_end_simple, layout_shoals, nicolae_shoals_lost_giant_pillars,
          uniq_polyphemus
Snake:1:  layout_rooms, basic_altar, statue_in_the_mist_lemuel, uniq_rupert
Snake:2:  layout_layer_cave, serial_shops, nicolae_stop_n_shop_2,
          nicolae_shop_statue_plus, shop, shop, nicolae_lakefront_shop
Snake:3:  layout_cave_town, serial_shops, nicolae_stop_n_shop_2
Snake:4:  grunt_snake_rune_pools, layout_concentric_octagons, st_stairs_1,
          drop_trap, abandoned_shop, serial_bayou_pond_d
Orc:1:    layout_diamond_mine, serial_shops, nicolae_shop_overgrown_old_shop
Orc:2:    grunt_orc_gardens, layout_caves, grunt_orc_garden, grunt_orc_garden,
          grunt_orc_garden, grunt_orc_garden, serial_shops,
          nicolae_lakefront_shop, uniq_snorg
Elf:1:    layout_gridlike, orc_legates
Elf:2:    layout_loops_corners, gammafunk_ghost_tricky_traps, serial_shops,
          nicolae_take_the_stairs, door_vault, uniq_saint_roka
Elf:3:    elf_hall, layout_loops_ring, serial_shops, shop,
          gammafunk_ghost_cemetery
Vaults:1: nicolae_vaults_ninety_degrees, ontoclasm_vaults_eye,
          hangedman_vaults_trim, v_misc_17, vaults_room_semicircle,
          nicolae_vaults_mini_display_case, layout_vaults_omnigrid
Vaults:2: v_misc_5, vaults_room_door_hall, hangedman_vaults_restitches,
          v_misc_32, nicolae_vaults_little_ls, vaults_dpeg_encased_lava,
          nicolae_vaults_inception_statues, nicolae_vaults_three_branches,
          nicolae_vaults_ring_of_whatevers, v_misc_10, grunt_vaults_diagonal,
          nicolae_vaults_ring_of_whatevers, vaults_room_fancy_cross,
          layout_vaults_maze_bifur, serial_shops, shop, uniq_margery,
          uniq_sojobo
Vaults:3: v_alt_pattern_2, v_misc_27, nicolae_vaults_minivaults, serial_ice_b,
          v_misc_12, nicolae_vaults_big_ls, minmay_crypt_entry_simple_round,
          nicolae_vaults_little_squares_4, v_misc_14, ontoclasm_vaults_ligature,
          v_rooms_3, v_misc_2, layout_vaults_ring, uniq_aizul
Vaults:4: v_misc_33, v_misc_10, v_rooms_5, grunt_vaults_hallway_short,
          nicolae_vaults_stairing_the_circle, vaults_mumra_minichess,
          vaults_room_fancy_cross, nicolae_vaults_network_star,
          ontoclasm_vaults_decontamination, layout_vaults_chaotic_city
Vaults:5

Skill      XL: |  1  2  3  4  5  6  7  8  9 10 11 12 13 14 15 16 17 18 19 20 21 22 23 24 |
---------------+-------------------------------------------------------------------------+-----
Polearms       | 5 6 7 8 9 12 14 16 18 20 22 25 26 | 26.0
Armour         | 2 3 4 5 6 8 9 10 12 13 15 16 17 18 | 18.1
Fighting       | 4 5 6 7 9 11 14 15 16 17 | 17.0
Throwing       | 2 4 6 8 11 12 13 14 15 16 | 16.0
Dodging        | 5 6 9 12 13 14 16 17 | 17.6
Evocations     | 3 6 7 9 11 | 11.1
Stealth        | 4 |  4.0

Action                   |  1- 3 |  4- 6 |  7- 9 | 10-12 | 13-15 | 16-18 | 19-21 | 22-24 || total
-------------------------+-------+-------+-------+-------+-------+-------+-------+-------++-------
Melee: Spear             |   166 |   156 |   364 |       |       |       |       |       ||   686
       Trident           |       |       |   127 |    33 |       |       |    18 |    12 ||   190
       Glaive            |       |       |       |   554 |   277 |    25 |     7 |    13 ||   876
       Bardiche          |       |       |       |    22 |   635 |   899 |  1215 |   591 ||  3362
       Tailslap          |       |       |       |     6 |     3 |    24 |    10 |       ||    43
Throw: Dart              |       |       |     4 |    59 |   197 |       |       |     2 ||   262
       Boomerang         |       |       |       |     5 |    50 |   342 |    41 |    99 ||   537
       Throwing net      |       |       |       |       |     1 |       |       |       ||     1
       Javelin           |       |       |       |       |       |       |       |    22 ||    22
Invok: Berserk           |     2 |     2 |    13 |    16 |    12 |     6 |    15 |    10 ||    76
       Trog's Hand       |       |       |     4 |     3 |       |     4 |       |     5 ||    16
       Brothers in Arms  |       |       |     1 |     3 |     2 |     4 |     7 |     8 ||    25
Evoke: Wand              |       |       |       |       |     2 |     2 |     2 |     1 ||     7
       Condenser vane    |       |       |       |       |       |       |     2 |     4 ||     6
       Tin of tremorston |       |       |       |       |       |       |       |     4 ||     4
  Use: Potion            |       |     3 |     2 |     1 |       |     5 |       |     2 ||    13
       Scroll            |       |       |    18 |     2 |     4 |     6 |     3 |     6 ||    39
 Stab: Sleeping          |     4 |       |       |     1 |     1 |       |       |       ||     6
       Distracted        |       |       |       |     2 |       |     1 |       |       ||     3
       Held in net/web   |       |       |       |       |     2 |       |       |       ||     2
       Petrified         |       |       |       |       |       |       |     5 |       ||     5
Armor: Animal skin       |    11 |       |       |       |       |       |       |       ||    11
       Leather armour    |     9 |    10 |       |       |       |       |       |       ||    19
       Chain mail        |       |    20 |   133 |    59 |       |       |       |       ||   212
       Ring mail         |       |       |       |    48 |    46 |       |       |       ||    94
       Swamp dragon scal |       |       |       |   115 |   101 |       |       |       ||   216
       Plate armour      |       |       |       |       |    94 |       |       |       ||    94
       Gold dragon scale |       |       |       |       |    43 |   491 |   666 |   289 ||  1489
Dodge: Dodged            |    71 |    37 |    69 |   324 |   352 |   490 |   780 |   317 ||  2440

Table legend: (Time is in decaauts)
 A = Elapsed time spent in this place.
 B = Non-inter-level travel time spent in this place.
 C = Inter-level travel time spent in this place.
 D = Time resting spent in this place.
 E = Time spent auto-exploring this place.
 F = Levels seen in this place.
 G = Mean time per level.
                   A        B        C        D        E       F      G
               +--------+--------+--------+--------+--------+-----+--------+
         Total |  47935 |  42833 |   5102 |   5229 |  29177 |  41 | 1169.1 |
       Dungeon |  18101 |  15903 |   2198 |   2011 |  11740 |  15 | 1206.7 |
          Lair |   6607 |   6008 |    599 |    411 |   4457 |   6 | 1101.2 |
        Shoals |   4166 |   3731 |    435 |    603 |   2096 |   4 | 1041.5 |
     Snake Pit |   4700 |   4049 |    651 |    372 |   2831 |   4 | 1175.0 |
  Orcish Mines |   2067 |   1716 |    351 |    336 |    935 |   2 | 1033.5 |
   Elven Halls |   5045 |   4577 |    468 |    658 |   2748 |   3 | 1681.7 |
        Vaults |   6321 |   5923 |    398 |    747 |   3865 |   5 | 1264.2 |
       Ossuary |    257 |    257 |      0 |      0 |    156 |   1 |  257.0 |
      Gauntlet |    668 |    668 |      0 |     89 |    345 |   1 |  668.0 |
               +--------+--------+--------+--------+--------+-----+--------+

Top non-repeatable levels by time:
     D:4: 1943 daAuts
Vaults:3: 1942 daAuts
   Elf:3: 1829 daAuts
   Elf:2: 1774 daAuts
Vaults:4: 1620 daAuts
 Snake:4: 1600 daAuts
     D:1: 1590 daAuts
     D:9: 1580 daAuts
     D:5: 1555 daAuts
  Lair:6: 1468 daAuts
     D:8: 1465 daAuts
   Elf:1: 1441 daAuts
Vaults:2: 1439 daAuts
    D:11: 1413 daAuts
  Lair:2: 1322 daAuts
